 Dungeon Crawl Stone Soup version 0.30.0-18-gc0e69614cb (webtiles) character file.

Game seed: 10903068845277274890

4 jasper the Grave Robber (level 1, 0/13 HPs)
             Began as a Demonspawn Necromancer on May 25, 2023.
             Slain by a kobold
             ... wielding a +0 dagger
              (4 damage)
             ... on level 1 of the Dungeon.
             The game lasted 00:00:21 (115 turns).

jasper the Grave Robber (Demonspawn Necromancer)     Turns: 115, Time: 00:00:21

Health: 0/13       AC:  2    Str:  8    XL:     1   Next: 50%
Magic:  1/3        EV: 12    Int: 16    God:
Gold:   11         SH:  0    Dex: 13    Spells: 3/4 levels left

rFire   . . .        d - +0 club
rCold   . . .        (no shield)
rNeg    . . .        a - +0 robe
rPois   .            (no helmet)
rElec   .            (no cloak)
rCorr   .            (no gloves)
SInv    .            (no boots)
Will    .....        (no amulet)
Stlth   ++           (no ring)
HPRegen 0.22/turn    (no ring)
MPRegen 0.08/turn

%: no passive effects
@: no status effects
A: no striking features
a: no special abilities


You were on level 1 of the Dungeon.
You visited 1 branch of the dungeon, and saw 1 of its levels.

You collected 11 gold pieces.

Inventory:

Hand Weapons
 d - a +0 club (weapon)
Armour
 a - a +0 robe (worn)
Scrolls
 c - a scroll of identify {unknown}
Potions
 b - a potion of magic


   Skills:
 - Level 1.7 Dodging
 - Level 1.7 Stealth
 - Level 2.0 Spellcasting
 + Level 4.6 Necromancy


You had 3 spell levels left.
You knew the following spells:

 Your Spells              Type           Power      Damage    Failure   Level
a - Necrotise             Necr           64%        1d7       3%          1

Your spell library contained the following spells:

 Spells                   Type           Power      Damage    Failure   Level
 Vampiric Draining        Necr           16%        2d7       9%          3
 Animate Dead             Necr           16%        N/A       30%         4
 Agony                    Necr           16%        N/A       63%         5


Dungeon Overview and Level Annotations

Branches:
Dungeon (1/15)

Altars:


Message History

The goblin writhes in agony.
You kill the goblin!
The dead are walking!
You now have 1/3 mp.
An endoplasm comes into view.
An endoplasm is nearby!
You swap places.
A kobold comes into view. It is wielding a +0 dagger.
Found an escape hatch in the floor.
The kobold barely resists.
You now have 0/3 mp.
Your ball python skeleton bites the kobold but does no damage.
Your ball python skeleton barely misses the kobold.
You are out of magic!
You hit the endoplasm but do no damage.
Your ball python skeleton crumbles into dust!
The kobold hits your goblin skeleton with a +0 dagger.
The endoplasm hits you but does no damage.
Your goblin skeleton hits the kobold but does no damage.
You hit the endoplasm but do no damage.
The kobold hits your goblin skeleton with a +0 dagger.
The endoplasm freezes you.
You are frozen.
The endoplasm barely misses you.
Your goblin skeleton barely misses the kobold.
The kobold hits your goblin skeleton with a +0 dagger.
Your goblin skeleton is destroyed!
You take 2 damage, and have 11/13 hp.
You hit the endoplasm.
The endoplasm is heavily wounded.
The endoplasm freezes you.
You are frozen.
You take 2 damage, and have 9/13 hp.
You hit the endoplasm.
The endoplasm is almost dead.
The endoplasm hits you. The kobold hits you but does no damage.
You take 1 damage, and have 8/13 hp.
You hit the endoplasm.
You kill the endoplasm!
The kobold hits you with a +0 dagger. x2
You die...

#.......##........#
#.......##........##
#.......##..........
#########..........#
..................
#######.......[...
#..##########.........#.
#.......................
.#.###@................
#....K)...............
.........#########.#..##
....$....# ##....##
.....##### # #...###
.>... ....#.##### ....
###........ ....
#..#.##... #.##.##


You could see a kobold.

Vanquished Creatures
  An endoplasm (D:1)
  2 goblins (D:1)
  A ball python (D:1)
  A rat (D:1)
5 creatures vanquished.

Notes
Turn   | Place    | Note
-------+----------+-------------------------------------------
     0 | D:1      | jasper the Demonspawn Necromancer began the quest for the
                  | Orb.
     0 | D:1      | Reached XP level 1. HP: 13/13 MP: 3/3
   115 | D:1      | Slain by a kobold

Illustrated notes

Levels and vault maps discovered:
D:1:      roderic_chinese_lattice_arrival, layout_rooms,
          ebering_ecumenical_altar_webs

Action                     || total
---------------------------++-------
  Melee: Club              ||     5
   Cast: Necrotise         ||     6
 Armour: Robe              ||     2
  Dodge: Dodged            ||     1
